General information
			
			
        
        - name: BNet
 
        - type: Ladder team game (AT/RT)
 
        - host: Battle.net
 
        - saver: YEAHSHESASSBATS
 
        
map: Cherryville 
        - players: 8
 
        - length: 33:38
 
        - speed: Fast
 - version: 1.22 W3XP
 - replay type:  Public
 
» download(303 KB)
Players
        team 1 (loser) 
              
              
ATOUCHOFHERLIPS (
teal | 36 APM | 1195 actions | 33:38)
              
 4 Death Knight 
 2 Death Coil
 2 Unholy Aura
 3 Dark Ranger 
 1 Silence
 2 Black Arrow
 4 Pit Lord 
 2 Rain of Fire
 2 Howl of Terror
 
                » actions 
                
                | Basic commands | 1 |  | 
| Build / train | 83 |  | 
| ESC pressed | 4 |  | 
| Enter build submenu | 24 |  | 
| Enter hero's abilities submenu | 11 |  | 
| Give item / drop item | 2 |  | 
| Right click | 569 |  | 
| Select / deselect | 421 |  | 
| Use ability | 80 |  | 
                1195 total
 » units 
                
                | Acolyte | 8 |  | 
| Ghoul | 4 |  | 
| Crypt Fiend | 4 |  | 
| Frost Wyrm | 15 |  | 
| Obsidian Statue | 2 |  | 
                33 total
 » upgrades
                
                | Creature Attack | 3 |  | 
| Creature Carapace | 3 |  | 
| Freezing Breath | 1 |  | 
| Destroyer Form | 1 |  | 
                8 total
 » buildings
                
                | Crypt | 1 |  | 
| Graveyard | 1 |  | 
| Ziggurat | 7 |  | 
| Altar of Darkness | 1 |  | 
| Tomb of Relics | 1 |  | 
| Halls of the Dead | 1 |  | 
| Spirit Tower | 2 |  | 
| Necropolis | 1 |  | 
| Black Citadel | 1 |  | 
| Sacrificial Pit | 1 |  | 
| Boneyard | 3 |  | 
| Slaughterhouse | 1 |  | 
                21 total
 » build order
                00:07 Crypt
00:19 Graveyard
00:40 Ziggurat
01:03 Altar of Darkness
01:43 Tomb of Relics
02:28 Ziggurat
04:57 Ziggurat
04:59 Ziggurat
05:35 Halls of the Dead
05:42 Ziggurat
05:59 Spirit Tower
06:57 Spirit Tower
07:04 Necropolis
08:00 Black Citadel
08:04 Sacrificial Pit
11:00 Boneyard
11:05 Boneyard
11:07 Boneyard
11:13 Ziggurat
11:16 Ziggurat
29:02 Slaughterhouse
» items
                
                | Rod of Necromancy | 1 |  | 
| Sacrificial Skull | 1 |  | 
| Scroll of Town Portal | 6 |  | 
| Potion of Healing | 4 |  | 
| Potion of Mana | 4 |  | 
| Scroll of Healing | 5 |  | 
| Orb of Corruption | 3 |  | 
                24 total
  
               
              
              
greedoFthenoob (
purple | 63 APM | 2121 actions | 33:38)
              
 4 Archmage 
 2 Blizzard
 2 Brilliance Aura
 3 Blood Mage 
 2 Flame Strike
 1 Banish
 4 Paladin 
 3 Holy Light
 1 Divine Shield
 
                » actions 
                
                | Assign group hotkey | 29 |  | 
| Basic commands | 51 |  | 
| Build / train | 124 |  | 
| ESC pressed | 4 |  | 
| Enter build submenu | 41 |  | 
| Enter hero's abilities submenu | 10 |  | 
| Remove unit from queue | 1 |  | 
| Right click | 926 |  | 
| Select / deselect | 671 |  | 
| Select group hotkey | 146 |  | 
| Use ability | 117 |  | 
                2121 total
 » units 
                
                | Peasant | 25 |  | 
| Footman | 5 |  | 
| Rifleman | 3 |  | 
| Sorceress | 4 |  | 
| Mortar Team | 3 |  | 
| Flying Machine | 24 |  | 
| Spell Breaker | 4 |  | 
                68 total
 » upgrades
                
                | Masonry | 2 |  | 
| Lumber Harvesting | 1 |  | 
| Long Rifles | 1 |  | 
| Sorceress Training | 2 |  | 
| Flare | 1 |  | 
| Animal War Training | 1 |  | 
| Flak Cannons | 1 |  | 
| Flying Machine Bombs | 1 |  | 
| Gunpowder | 1 |  | 
| Control Magic | 1 |  | 
| Magic Sentry | 1 |  | 
                13 total
 » buildings
                
                | Altar of Kings | 3 |  | 
| Barracks | 1 |  | 
| Farm | 11 |  | 
| Scout Tower | 10 |  | 
| Keep | 2 |  | 
| Arcane Vault | 5 |  | 
| Arcane Tower | 1 |  | 
| Lumber Mill | 1 |  | 
| Blacksmith | 1 |  | 
| Arcane Sanctum | 3 |  | 
| Town Hall | 1 |  | 
| Workshop | 3 |  | 
| Castle | 1 |  | 
| Guard Tower | 5 |  | 
                48 total
 » build order
                00:04 Altar of Kings
00:18 Barracks
00:28 Farm
01:03 Farm
01:34 Farm
02:05 Scout Tower
02:51 Keep
03:13 Arcane Vault
03:16 Arcane Tower
03:26 Lumber Mill
04:40 Blacksmith
05:18 Farm
05:54 Arcane Sanctum
07:06 Town Hall
09:03 Workshop
09:10 Scout Tower
10:41 Castle
10:55 Farm
10:57 Guard Tower
10:59 Scout Tower
11:00 Scout Tower
11:01 Scout Tower
11:12 Arcane Vault
12:10 Arcane Vault
12:15 Guard Tower
12:21 Guard Tower
12:30 Scout Tower
12:33 Scout Tower
12:34 Scout Tower
12:35 Scout Tower
12:37 Scout Tower
13:37 Guard Tower
13:42 Farm
14:55 Guard Tower
17:41 Altar of Kings
18:25 Arcane Sanctum
18:27 Workshop
19:43 Arcane Vault
19:49 Arcane Sanctum
20:20 Workshop
26:25 Altar of Kings
27:22 Arcane Vault
27:39 Farm
27:41 Farm
28:55 Farm
29:33 Farm
30:52 Farm
32:05 Keep
» items
                
                | Scroll of Regeneration | 4 |  | 
| Staff of Sanctuary | 3 |  | 
| Orb of Fire | 3 |  | 
| Scroll of Town Portal | 2 |  | 
| Potion of Healing | 1 |  | 
| Potion of Mana | 1 |  | 
| Staff of Teleportation | 1 |  | 
| Potion of Lesser Invulnerability | 1 |  | 
| Boots of Speed | 1 |  | 
                17 total
  
               
              
              
» 
timg4strOK (
yellow | 20 APM | 668 actions | 33:38)
              
 7 Death Knight 
 3 Death Coil
 3 Unholy Aura
 1 Animate Dead
 4 Lich 
 2 Frost Nova
 2 Frost Armor
 
                » actions 
                
                | Assign group hotkey | 5 |  | 
| Basic commands | 35 |  | 
| Build / train | 49 |  | 
| ESC pressed | 1 |  | 
| Enter build submenu | 17 |  | 
| Enter hero's abilities submenu | 11 |  | 
| Give item / drop item | 4 |  | 
| Right click | 239 |  | 
| Select / deselect | 202 |  | 
| Select group hotkey | 19 |  | 
| Use ability | 86 |  | 
                668 total
 » units 
                
                | Acolyte | 2 |  | 
| Ghoul | 3 |  | 
| Crypt Fiend | 5 |  | 
| Frost Wyrm | 10 |  | 
                20 total
 » upgrades
                
                | Creature Attack | 2 |  | 
| Creature Carapace | 2 |  | 
| Freezing Breath | 1 |  | 
                5 total
 » buildings
                
                | Graveyard | 1 |  | 
| Crypt | 1 |  | 
| Altar of Darkness | 1 |  | 
| Ziggurat | 7 |  | 
| Tomb of Relics | 1 |  | 
| Halls of the Dead | 1 |  | 
| Black Citadel | 1 |  | 
| Sacrificial Pit | 1 |  | 
| Boneyard | 2 |  | 
                16 total
 » build order
                00:14 Graveyard
00:19 Crypt
00:43 Altar of Darkness
00:58 Ziggurat
01:22 Tomb of Relics
02:08 Ziggurat
03:39 Halls of the Dead
04:23 Ziggurat
06:31 Black Citadel
07:47 Sacrificial Pit
07:53 Ziggurat
07:54 Ziggurat
09:28 Boneyard
09:29 Boneyard
12:34 Ziggurat
12:35 Ziggurat
» items
                
                | Rod of Necromancy | 1 |  | 
| Scroll of Town Portal | 4 |  | 
| Scroll of Regeneration | 1 |  | 
| Lesser Clarity Potion | 2 |  | 
                8 total
  
               
              
              
YEAHSHESASSBATS (
green | 98 APM | 3301 actions | 33:38)
              
 5 Death Knight 
 3 Death Coil
 2 Unholy Aura
 3 Lich 
 2 Frost Nova
 1 Frost Armor
 3 Crypt Lord 
 2 Impale
 1 Spiked Carapace
 1 Dark Ranger 
 1 Silence
 
                » actions 
                
                | Assign group hotkey | 45 |  | 
| Basic commands | 203 |  | 
| Build / train | 97 |  | 
| ESC pressed | 1 |  | 
| Enter build submenu | 31 |  | 
| Enter hero's abilities submenu | 13 |  | 
| Give item / drop item | 1 |  | 
| Right click | 1443 |  | 
| Select / deselect | 678 |  | 
| Select group hotkey | 619 |  | 
| Use ability | 169 |  | 
                3301 total
 » units 
                
                | Acolyte | 17 |  | 
| Ghoul | 4 |  | 
| Crypt Fiend | 16 |  | 
| Frost Wyrm | 2 |  | 
| Obsidian Statue | 4 |  | 
                43 total
 » upgrades
                
                | Destroyer Form | 1 |  | 
| Creature Attack | 2 |  | 
| Web | 1 |  | 
| Creature Carapace | 2 |  | 
                6 total
 » buildings
                
                | Crypt | 3 |  | 
| Graveyard | 2 |  | 
| Altar of Darkness | 2 |  | 
| Ziggurat | 11 |  | 
| Tomb of Relics | 1 |  | 
| Nerubian Tower | 1 |  | 
| Halls of the Dead | 2 |  | 
| Necropolis | 3 |  | 
| Black Citadel | 1 |  | 
| Spirit Tower | 1 |  | 
| Sacrificial Pit | 1 |  | 
| Boneyard | 1 |  | 
| Slaughterhouse | 2 |  | 
                31 total
 » build order
                00:04 Crypt
00:19 Graveyard
00:40 Altar of Darkness
00:57 Ziggurat
01:26 Tomb of Relics
02:01 Ziggurat
03:29 Nerubian Tower
05:23 Halls of the Dead
05:32 Necropolis
05:47 Ziggurat
06:05 Ziggurat
07:47 Black Citadel
07:49 Spirit Tower
09:23 Sacrificial Pit
10:32 Necropolis
10:58 Boneyard
12:09 Slaughterhouse
12:31 Ziggurat
14:26 Ziggurat
20:19 Ziggurat
20:23 Necropolis
23:36 Altar of Darkness
23:39 Crypt
23:41 Graveyard
23:43 Ziggurat
23:45 Ziggurat
24:52 Ziggurat
26:53 Halls of the Dead
27:17 Crypt
29:36 Slaughterhouse
29:39 Ziggurat
» items
                
                | Rod of Necromancy | 4 |  | 
| Lesser Clarity Potion | 2 |  | 
| Potion of Mana | 7 |  | 
| Scroll of Town Portal | 7 |  | 
| Potion of Healing | 5 |  | 
| Orb of Corruption | 2 |  | 
                27 total
  
               team 2 (winner) 
              
              
elz-psyko.x (
blue | 90 APM | 3013 actions | 33:38)
              
 4 Death Knight 
 2 Death Coil
 2 Unholy Aura
 3 Lich 
 2 Frost Nova
 1 Dark Ritual
 
                » actions 
                
                | Assign group hotkey | 62 |  | 
| Basic commands | 263 |  | 
| Build / train | 92 |  | 
| ESC pressed | 8 |  | 
| Enter build submenu | 29 |  | 
| Enter hero's abilities submenu | 8 |  | 
| Give item / drop item | 2 |  | 
| Right click | 1002 |  | 
| Select / deselect | 382 |  | 
| Select group hotkey | 1001 |  | 
| Use ability | 164 |  | 
                3013 total
 » units 
                
                | Acolyte | 7 |  | 
| Ghoul | 7 |  | 
| Crypt Fiend | 16 |  | 
| Obsidian Statue | 17 |  | 
| Frost Wyrm | 5 |  | 
                52 total
 » upgrades
                
                | Creature Attack | 3 |  | 
| Burrow | 1 |  | 
| Web | 1 |  | 
| Destroyer Form | 1 |  | 
| Freezing Breath | 1 |  | 
| Creature Carapace | 1 |  | 
                8 total
 » buildings
                
                | Crypt | 1 |  | 
| Altar of Darkness | 1 |  | 
| Ziggurat | 10 |  | 
| Tomb of Relics | 2 |  | 
| Graveyard | 1 |  | 
| Nerubian Tower | 3 |  | 
| Halls of the Dead | 1 |  | 
| Necropolis | 1 |  | 
| Slaughterhouse | 1 |  | 
| Black Citadel | 1 |  | 
| Sacrificial Pit | 1 |  | 
| Spirit Tower | 7 |  | 
| Boneyard | 2 |  | 
                32 total
 » build order
                00:15 Crypt
00:17 Altar of Darkness
00:38 Ziggurat
01:03 Tomb of Relics
01:08 Graveyard
01:23 Tomb of Relics
01:50 Ziggurat
01:59 Nerubian Tower
02:00 Nerubian Tower
04:18 Halls of the Dead
04:46 Ziggurat
05:19 Ziggurat
09:01 Necropolis
09:03 Ziggurat
09:17 Slaughterhouse
09:41 Black Citadel
10:18 Sacrificial Pit
10:21 Ziggurat
10:35 Spirit Tower
12:12 Spirit Tower
12:12 Spirit Tower
12:21 Ziggurat
12:49 Boneyard
13:18 Spirit Tower
13:18 Spirit Tower
13:54 Boneyard
21:43 Ziggurat
26:34 Ziggurat
26:36 Ziggurat
» items
                
                | Rod of Necromancy | 2 |  | 
| Dust of Appearance | 1 |  | 
| Potion of Healing | 2 |  | 
| Boots of Speed | 1 |  | 
| Potion of Lesser Invulnerability | 1 |  | 
| Orb of Corruption | 1 |  | 
                8 total
  
               
              
              
JS_ (
pink | 106 APM | 3581 actions | 33:38)
              
 9 Priestess of the Moon 
 3 Trueshot Aura
 3 Scout
 1 Starfall
 2 Searing Arrows
 
                » actions 
                
                | Assign group hotkey | 57 |  | 
| Basic commands | 234 |  | 
| Build / train | 105 |  | 
| ESC pressed | 9 |  | 
| Enter build submenu | 20 |  | 
| Enter hero's abilities submenu | 9 |  | 
| Give item / drop item | 4 |  | 
| Remove unit from queue | 1 |  | 
| Right click | 1421 |  | 
| Select / deselect | 593 |  | 
| Select group hotkey | 1051 |  | 
| Use ability | 76 |  | 
                3581 total
 » units 
                
                | Wisp | 29 |  | 
| Huntress | 9 |  | 
| Kobold Geomancer | 1 |  | 
| Chimaera | 14 |  | 
| Hippogryph | 24 |  | 
                77 total
 » upgrades
                
                | Ultravision | 1 |  | 
| Strength of the Moon | 1 |  | 
| Druid of the Talon Training | 1 |  | 
| Strength of the Wild | 3 |  | 
| Corrosive Breath | 1 |  | 
| Reinforced Hides | 3 |  | 
                10 total
 » buildings
                
                | Altar of Elders | 1 |  | 
| Moon Well | 8 |  | 
| Hunter's Hall | 1 |  | 
| Ancient of War | 2 |  | 
| Tree of Life | 1 |  | 
| Tree of Ages | 1 |  | 
| Ancient of Wind | 1 |  | 
| Tree of Eternity | 1 |  | 
| Ancient of Wonders | 1 |  | 
| Chimaera Roost | 2 |  | 
| Ancient Protector | 2 |  | 
                21 total
 » build order
                00:04 Altar of Elders
00:18 Moon Well
01:40 Hunter's Hall
01:46 Ancient of War
02:03 Moon Well
02:36 Ancient of War
02:53 Moon Well
04:12 Tree of Life
05:23 Tree of Ages
07:52 Moon Well
09:11 Ancient of Wind
09:36 Tree of Eternity
10:44 Ancient of Wonders
12:29 Chimaera Roost
12:34 Chimaera Roost
14:22 Ancient Protector
14:24 Ancient Protector
15:25 Moon Well
15:30 Moon Well
21:38 Moon Well
24:16 Moon Well
» items
                
                | Scroll of Town Portal | 1 |  | 
| Scroll of Healing | 1 |  | 
| Scroll of Protection | 1 |  | 
                3 total
  
               
              
              
» 
JumperTotototo (
orange | 78 APM | 2625 actions | 33:38)
              
 8 Mountain King 
 3 Storm Bolt
 3 Bash
 1 Avatar
 1 Thunder Clap
 5 Paladin 
 3 Holy Light
 2 Divine Shield
 
                » actions 
                
                | Assign group hotkey | 47 |  | 
| Basic commands | 332 |  | 
| Build / train | 74 |  | 
| Enter build submenu | 22 |  | 
| Enter hero's abilities submenu | 13 |  | 
| Remove unit from queue | 3 |  | 
| Right click | 1152 |  | 
| Select / deselect | 374 |  | 
| Select group hotkey | 481 |  | 
| Use ability | 127 |  | 
                2625 total
 » units 
                
                | Peasant | 15 |  | 
| Footman | 7 |  | 
| Spell Breaker | 3 |  | 
| Sorceress | 16 |  | 
| Knight | 3 |  | 
                44 total
 » upgrades
                
                | Defend | 1 |  | 
| Swords | 1 |  | 
| Priest Training | 0 |  | 
| Sorceress Training | 2 |  | 
                4 total
 » buildings
                
                | Altar of Kings | 1 |  | 
| Farm | 11 |  | 
| Barracks | 2 |  | 
| Scout Tower | 1 |  | 
| Arcane Tower | 1 |  | 
| Keep | 1 |  | 
| Blacksmith | 1 |  | 
| Arcane Vault | 1 |  | 
| Arcane Sanctum | 2 |  | 
| Castle | 1 |  | 
| Lumber Mill | 1 |  | 
| Town Hall | 1 |  | 
                24 total
 » build order
                00:07 Altar of Kings
00:11 Farm
00:35 Barracks
01:28 Farm
02:04 Scout Tower
02:49 Arcane Tower
03:11 Farm
03:19 Keep
03:58 Farm
04:07 Blacksmith
04:48 Arcane Vault
05:43 Arcane Sanctum
05:48 Arcane Sanctum
05:51 Farm
07:06 Farm
07:54 Farm
09:22 Farm
10:06 Farm
11:02 Farm
11:15 Castle
13:17 Farm
13:57 Barracks
14:06 Lumber Mill
23:24 Town Hall
» items
                
                | Scroll of Regeneration | 1 |  | 
| Scroll of Town Portal | 3 |  | 
| Orb of Fire | 1 |  | 
                5 total
  
               
              
              
lokiju (
red | 95 APM | 3209 actions | 33:38)
              
 9 Tauren Chieftain 
 3 Shockwave
 3 Endurance Aura
 1 Reincarnation
 2 War Stomp
 4 Shadow Hunter 
 2 Hex
 2 Healing Wave
 
                » actions 
                
                | Assign group hotkey | 68 |  | 
| Basic commands | 287 |  | 
| Build / train | 126 |  | 
| ESC pressed | 6 |  | 
| Enter build submenu | 22 |  | 
| Enter hero's abilities submenu | 13 |  | 
| Give item / drop item | 1 |  | 
| Remove unit from queue | 1 |  | 
| Right click | 1029 |  | 
| Select / deselect | 478 |  | 
| Select group hotkey | 1013 |  | 
| Use ability | 165 |  | 
                3209 total
 » units 
                
                | Peon | 16 |  | 
| Troll Headhunter/Berserker | 28 |  | 
| Troll Witch Doctor | 13 |  | 
| Troll Batrider | 16 |  | 
                73 total
 » upgrades
                
                | Ranged Weapons | 3 |  | 
| Troll Regeneration | 1 |  | 
| Armor | 2 |  | 
| Witch Doctor Training | 2 |  | 
| Berserker Upgrade | 1 |  | 
| War Drums Damage Increase | 1 |  | 
| Liquid Fire | 1 |  | 
                11 total
 » buildings
                
                | Altar of Storms | 1 |  | 
| Orc Burrow | 7 |  | 
| Barracks | 2 |  | 
| War Mill | 1 |  | 
| Voodoo Lounge | 1 |  | 
| Stronghold | 1 |  | 
| Spirit Lodge | 1 |  | 
| Fortress | 1 |  | 
| Great Hall | 2 |  | 
| Beastiary | 2 |  | 
| Watch Tower | 3 |  | 
                22 total
 » build order
                00:06 Altar of Storms
00:20 Orc Burrow
01:17 Barracks
01:20 War Mill
01:26 Voodoo Lounge
01:50 Orc Burrow
03:26 Stronghold
03:56 Barracks
05:40 Orc Burrow
06:12 Spirit Lodge
07:00 Fortress
09:04 Great Hall
09:40 Orc Burrow
17:05 Beastiary
17:09 Beastiary
18:50 Orc Burrow
18:52 Orc Burrow
20:25 Orc Burrow
20:30 Watch Tower
28:50 Great Hall
28:51 Watch Tower
28:52 Watch Tower
» items
                
                | Healing Salve | 4 |  | 
| Scroll of Speed | 7 |  | 
| Lesser Clarity Potion | 3 |  | 
| Scroll of Town Portal | 4 |  | 
| Potion of Mana | 3 |  | 
| Potion of Healing | 3 |  | 
                24 total
  
                Chat log
          (00:07 / Allies) greedoFthenoob: what we doing
(00:16 / Allies) greedoFthenoob: we tower?
(01:47 / Allies) greedoFthenoob: ne
(01:55 / Allies) greedoFthenoob: going hunts
(02:45 / Allies) greedoFthenoob: iud
(02:59 / Allies) greedoFthenoob: gloves haste
(03:02 / Allies) greedoFthenoob: if anyone wants
(03:34 / Allies) YEAHSHESASSBATS: yo gloves of haste
(03:36 / Allies) YEAHSHESASSBATS: ne1 want
(03:44 / Allies) greedoFthenoob: u
(13:50 / All) greedoFthenoob: guys
(13:56 / All) greedoFthenoob: id like to apologise on behalf of my partners
(14:07 / All) JS_: ?
(14:24 / All) timg4strOK: trying to get my apm as low as possible and still win
(14:30 / All) timg4strOK: expecting somewhere in the 25-35 range
(19:57 / Allies) greedoFthenoob: so
(19:57 / Allies) greedoFthenoob: breaker
(19:58 / Allies) greedoFthenoob: or
(19:59 / Allies) greedoFthenoob: gyro
(19:59 / Allies) greedoFthenoob: or
(20:00 / Allies) greedoFthenoob: both
(22:40 / Allies) greedoFthenoob: so are we going to win
(31:18 / All) JumperTotototo: GG